 Dungeon Crawl Stone Soup version 0.28-a0-1167-g616b1c6417 (webtiles) character file.

Game seed: 15830084930468358563

1207 Htamos the Tainter (level 8, -1/60 HPs)
             Began as a Formicid Venom Mage on Dec 16, 2021.
             Was an Initiate of Qazlal.
             Slain by a centaur (5 damage)
             ... on level 6 of the Dungeon.
             The game lasted 00:15:16 (7257 turns).

Htamos the Tainter (Formicid Venom Mage)            Turns: 7257, Time: 00:15:17

Health: -1/60      AC:  8    Str: 14    XL:     8   Next: 73%
Magic:  6/14       EV: 11    Int: 16    God:    Qazlal [......]
Gold:   206        SH:  0    Dex: 11    Spells: 8/15 levels left

rFire   . . .      SeeInvis +   c - +0 whip (venom)
rCold   . . .      Faith    .   (no shield)
rNeg    . . .      Spirit   .   g - +0 leather armour
rPois   .          Reflect  .   (helmet unavailable)
rElec   .          Harm     .   q - +1 cloak
rCorr   .          Rampage  .   i - +0 pair of gloves
Will    .....                   l - +0 pair of boots
Stlth   +++.......              (no amulet)
HPRegen 0.20/turn               (no ring)
MPRegen 0.14/turn               (no ring)

@: no status effects
A: permanent stasis, dig shafts and tunnels, antennae 3, four strong arms
a: Dig, Shaft Self, Renounce Religion


You were on level 6 of the Dungeon.
You worshipped Qazlal.
Qazlal was noncommittal.
You visited 2 branches of the dungeon, and saw 7 of its levels.

You collected 314 gold pieces.
You spent 108 gold pieces at shops.

Inventory:

Hand Weapons
 b - a +0 morningstar
 c - a +0 whip of venom (weapon)
Armour
 a - a +0 robe
 g - a +0 leather armour (worn)
 i - a +0 pair of gloves (worn)
 l - a +0 pair of boots (worn)
 n - a +0 chain mail
 p - a +0 scale mail
 q - a +1 cloak (worn)
Scrolls
 e - a scroll of teleportation {unknown}
 f - a scroll of holy word {unknown}
 h - 2 scrolls of identify {@rr}
 o - a scroll of blinking {unknown}


   Skills:
 + Level 3.7 Fighting
 + Level 3.8 Armour
 - Level 1.7 Dodging
 - Level 5.2 Stealth
 + Level 4.2 Spellcasting
 + Level 4.1 Transmutations
 * Level 8.1 Poison Magic


You had 8 spell levels left.
You knew the following spells:

 Your Spells              Type           Power      Damage    Failure   Level
a - Sting                 Tmut/Pois      88%        1d7       1%          1
b - Poisonous Vapours     Pois/Air       32%        N/A       6%          2
c - Olgreb's Toxic Radia  Pois           29%        N/A       8%          4

Your spell library contained the following spells:

 Spells                   Type           Power      Damage    Failure   Level
 Mephitic Cloud           Conj/Pois/Air  12%        N/A       21%         3


Dungeon Overview and Level Annotations

Branches:
Dungeon (6/15)             Temple (1/1) D:4

Altars:
Ashenzari
Cheibriados
Dithmenos
Elyvilon
Fedhas
Gozag
Hepliaklqana
Kikubaaqudgha
Makhleb
Nemelex Xobeh
Qazlal
Ru
Sif Muna
Uskayaw
Vehumet
Wu Jian
Yredelemnul
Zin

Shops:
D:1 (   D:2 [   D:5 !

Annotations:
D:4 exclusion: downstairs


Innate Abilities, Weirdness & Mutations

You cannot be hasted, slowed, berserked, paralysed or teleported.
You can dig through walls and to a lower floor.
You have a pair of large antennae on your head. (SInv)
Your four strong arms can wield two-handed weapons with a shield.


Message History

Qazlal accepts your kill.
The bullfrog skeleton hits you but does no damage.
The bullfrog skeleton hits you.
* * * LOW HITPOINT WARNING * * *
You climb downwards.
There is a stone staircase leading up here.
The helpless centaur fails to defend itself.
You hit the centaur but do no damage.
The centaur is poisoned.
The centaur hits you.
* * * LOW HITPOINT WARNING * * *
The centaur kicks you but does no damage.
You hit the centaur.
The centaur looks as sick as possible!
The centaur is moderately wounded.
The centaur hits you but does no damage.
The centaur kicks you.
* * * LOW HITPOINT WARNING * * *
The centaur hits you.
* * * LOW HITPOINT WARNING * * *
The centaur kicks you but does no damage.
You aren't carrying any potions.
As you read the scroll of enchant armour, it crumbles to dust.
Your +0 cloak glows green for a moment.
The centaur closely misses you.
The centaur kicks you but does no damage.
Unknown command.
Casting: Sting (safe; 1% risk of failure)
Confirm with . or Enter, or press ? or * to list all spells.
Aiming: Sting (safe; 1% risk of failure)
Press: ? - help, Shift-Dir - straight line, f - centaur
Aim: a centaur, quivering arrows (heavily wounded, extremely poisoned, 85% to hit)
The sting hits the centaur.
The centaur looks as sick as possible!
The centaur is severely wounded.
The centaur completely misses you.
The centaur kicks you but does no damage.
The centaur closely misses you. The centaur kicks you.
* * * LOW HITPOINT WARNING * * *
Unknown command.
You barely miss the centaur.
The centaur is severely wounded.
The centaur hits you.
You die...

{ # ###
#.#..
#.#.#######
#...c......
#@# ###


You could see a centaur (extremely poisoned).

Vanquished Creatures
  Grinder (D:4)
  4 ogres (D:4)
  A gnoll sergeant (D:5)
  A scorpion (D:4)
  A water moccasin zombie (D:5)
  2 bullfrog zombies (D:5)
  An orc priest (D:4)
  A hound (D:4)
  A centaur skeleton (D:5)
  3 iguanas
  Natasha (thrice) (D:2)
  10 gnolls
  3 adders
  An adder skeleton (D:4)
  A worm (D:2)
  A dart slug (D:2)
  4 orcs (D:4)
  4 endoplasms
  4 giant cockroaches
  9 hobgoblins
  2 jackals (D:5)
  3 quokkas
  3 ball pythons
  3 bats
  A frilled lizard (D:1)
  6 goblins
  8 kobolds
  8 rats
90 creatures vanquished.

Vanquished Creatures (others)
  2 withered plants (D:5)
2 creatures vanquished.

Grand Total: 92 creatures vanquished

Notes
Turn   | Place    | Note
-------+----------+-------------------------------------------
     0 | D:1      | Htamos the Formicid Venom Mage began the quest for the Orb.
     0 | D:1      | Reached XP level 1. HP: 13/13 MP: 3/3
   281 | D:1      | Reached XP level 2. HP: 13/19 MP: 3/5
   547 | D:1      | Found Ikowot's Weapon Shoppe.
   753 | D:1      | Reached XP level 3. HP: 23/25 MP: 3/6
   960 | D:1      | Reached skill level 1 in Armour
  1023 | D:1      | Found a faded altar of an unknown god.
  1656 | D:2      | Noticed Natasha
  1664 | D:2      | Killed Natasha
  1665 | D:2      | Reached skill level 1 in Fighting
  1665 | D:2      | Reached skill level 5 in Poison Magic
  1665 | D:2      | Reached XP level 4. HP: 21/32 MP: 2/7
  1940 | D:2      | Learned a level 2 spell: Poisonous Vapours
  1945 | D:2      | Learned a level 4 spell: Olgreb's Toxic Radiance
  2336 | D:2      | Noticed Natasha
  2347 | D:2      | Killed Natasha
  2348 | D:2      | Reached XP level 5. HP: 20/37 MP: 4/9
  2412 | D:2      | Noticed Natasha
  2425 | D:2      | Killed Natasha
  2599 | D:2      | Found Nuext's Armour Boutique.
  2607 | D:2      | Bought a +0 pair of gloves for 54 gold pieces
  3301 | D:3      | Reached XP level 6. HP: 43/44 MP: 6/10
  3905 | D:2      | Bought a +0 pair of boots for 54 gold pieces
  3972 | D:4      | Noticed Grinder
  4060 | D:4      | Noticed an ogre
  4087 | D:4      | Killed an ogre
  4088 | D:4      | Reached skill level 6 in Poison Magic
  4306 | D:4      | Found a staircase to the Ecumenical Temple.
  4358 | D:4      | Reached XP level 7. HP: 46/50 MP: 4/11
  5033 | D:4      | Reached skill level 7 in Poison Magic
  5496 | D:4      | Killed Grinder
  5497 | D:4      | Reached XP level 8. HP: 30/58 MP: 2/13
  5655 | D:5      | Entered Level 5 of the Dungeon
  5655 | D:5      | Found Irudogedd's Distillery.
  6091 | D:5      | Reached skill level 5 in Stealth
  6576 | D:5      | Reached skill level 8 in Poison Magic
  6971 | Temple   | Entered the Ecumenical Temple
  7088 | Temple   | Became a worshipper of Qazlal Stormbringer
  7257 | D:6      | Slain by a centaur

Illustrated notes

Levels and vault maps discovered:
D:1:      dpeg_arrival_more_subterranean_lakeside_camping, layout_basic,
          hellmonk_ecumenical_altar_prayer_group, serial_shops, shop,
          skrybe_limestone_x, minivault_11, kennysheep_minor_cross,
          lemuel_old_faithful
D:2:      layout_basic, serial_shops, nicolae_square_shop, glass_columns_a,
          minmay_split_cup_small, uniq_natasha
D:3:      layout_rooms
D:4:      cheibrodos_quashed, layout_basic, minmay_temple_entry_glass,
          uniq_grinder
D:5:      layout_cave_pools, kb_xom_exploding_sheep, kennysheep_mini,
          serial_shops, nicolae_shop_statue_plus, serial_undead,
          serial_undead_b, serial_undead_e, serial_undead_e, serial_undead_a,
          serial_undead_a, serial_undead_f
D:6:      layout_basic, uniq_sigmund
Temple:   mainiacjoe_temple_coin_purse

Skill      XL: |  1  2  3  4  5  6  7  8 |
---------------+-------------------------+-----
Armour         | 1 2 3 |  3.8
Fighting       | 1 2 3 |  3.7
Stealth        | 3 4 5 |  5.2
Poison Magic   | 5 6 7 8 |  8.1
Transmutations | 2 3 4 |  4.1
Spellcasting   | 3 4 |  4.2
Dodging        | |  1.7

Action                   |  1- 3 |  4- 6 |  7- 9 || total
-------------------------+-------+-------+-------++-------
Melee: Unarmed           |    12 |       |       ||    12
       Morningstar       |     6 |       |     9 ||    15
       Whip              |     8 |    53 |    96 ||   157
 Cast: Sting             |    45 |    72 |    62 ||   179
       Poisonous Vapours |       |       |    20 ||    20
  Use: Potion            |       |     1 |     4 ||     5
       Scroll            |       |       |     2 ||     2
 Stab: Sleeping          |       |       |     2 ||     2
Armor: Robe              |     6 |     4 |       ||    10
       Leather armour    |       |    12 |    95 ||   107
Dodge: Dodged            |    26 |    35 |   131 ||   192

Table legend: (Time is in decaauts)
 A = Elapsed time spent in this place.
 B = Non-inter-level travel time spent in this place.
 C = Inter-level travel time spent in this place.
 D = Time resting spent in this place.
 E = Time spent auto-exploring this place.
 F = Levels seen in this place.
 G = Mean time per level.
                   A        B        C        D        E       F      G
               +--------+--------+--------+--------+--------+-----+--------+
         Total |   7287 |   7042 |    245 |   1111 |   4627 |   7 | 1041.0 |
       Dungeon |   7160 |   6944 |    216 |   1111 |   4548 |   6 | 1193.3 |
        Temple |    126 |     97 |     29 |      0 |     79 |   1 |  126.0 |
               +--------+--------+--------+--------+--------+-----+--------+

Top non-repeatable levels by time:
     D:4: 2843 daAuts
     D:1: 1621 daAuts
     D:2: 1506 daAuts
     D:3: 824 daAuts
     D:5: 360 daAuts
  Temple: 126 daAuts
     D:6: 5 daAuts
